AoeStats
← christian

Black Forest

509690566Analyzed
2v2 RM · 5d ago on Sep 27, 2026· 33m 39s· 4 players
Game mode
Random Map
Map size
Medium (4 player)
Population
200
Speed
Normal
Resources
Standard
Victory
Conquest
Starting age
Dark Age
Ending age
Imperial Age
RankedLock teamsTeams togetherTeam positionsShared explorationLock speedFull tech treeHidden civsTurbo modeCheats
Victory
Defeat
🇩🇪 Bulgarians · Germany
1407
+15
🇩🇪 Celts · Germany
1384
+16
🇦🇷 Magyars · Argentina
1403
-16
🇩🇪 Shu · Germany
1364
-15
JJOkocha
5:04 Loom
12:05 Feudal Age
15:52 Castle Age
27:14 Gold Mining
27:16 Horse Collar
30:45 Wheelbarrow
34:48 Imperial Age
32:39 Fletching
33:00 Forging
33:16 Double-Bit Axe
33:41 Bodkin Arrow
33:47 Scale Mail Armor
34:12 Hand Cart
MicroAge
0:59 Loom
22:12 Feudal Age
22:51 Double-Bit Axe
33:13 Wheelbarrow
32:35 Horse Collar
Eisbader
1:29 Loom
10:40 Feudal Age
10:44 Man-at-Arms
11:14 Double-Bit Axe
14:09 Horse Collar
16:39 Town Watch
16:56 Fletching
20:48 Castle Age
21:52 Crossbowman
25:07 Bow Saw
27:39 Fortified Wall
29:28 Ballistics
30:24 Bodkin Arrow
30:48 Masonry
30:50 Heavy Plow
32:44 Wheelbarrow
32:43 Padded Archer Armor
32:59 Town Patrol
christian
1:13 Loom
18:16 Feudal Age
18:48 Double-Bit Axe
19:53 Wheelbarrow
19:04 Horse Collar
24:23 Castle Age
25:37 Bow Saw
25:30 Heavy Plow
26:21 Town Watch
29:09 Hand Cart
36:36 Imperial Age
33:59 Gold Mining
Connection lost

Rejoining the realm…

Still unreachable

The connection could not be restored.

Session expired

The server has moved on; the page needs a fresh start.